AoeStats
← GordonFriman681

Oasis

510019099Analyzed
3v3 RM · 4d ago on Sep 29, 2026· 64m 18s· 6 players
Game mode
Random Map
Map size
Normal (6 player)
Population
200
Speed
Normal
Resources
Standard
Victory
Conquest
Starting age
Dark Age
Ending age
Imperial Age
RankedLock teamsTeams togetherTeam positionsShared explorationLock speedFull tech treeHidden civsTurbo modeCheats
Victory
Defeat
🇦🇷 Tatars · Argentina
734
+12
🇦🇷 Georgians · Argentina
716
+13
🇦🇷 Poles · Argentina
673
+16
🇺🇸 Sicilians · United States
672
-14
🇺🇸 Sicilians · United States
653
-14
🇺🇸 Sicilians · United States
629
-13
wyantdayne
0:27 Loom
10:40 Feudal Age
17:34 Forging
19:55 Arson
20:27 Scale Mail Armor
23:47 Fletching
23:53 Double-Bit Axe
36:16 Castle Age
36:56 Padded Archer Armor
36:21 Crossbowman
40:40 Chain Mail Armor
41:02 Iron Casting
40:22 Pikeman
50:14 Imperial Age
49:03 Elite Skirmisher
50:45 Heated Shot
51:18 Ballistics
50:25 Capped Ram
51:23 Bodkin Arrow
51:34 Halberdier
59:19 Conscription
60:38 Horse Collar
61:11 Bow Saw
60:56 Stone Mining
60:56 Gold Mining
61:05 Town Watch
61:38 Husbandry
61:50 Bloodlines
61:52 Squires
61:48 Cavalier
61:51 Light Cavalry
O6TheGOAT
0:36 Loom
13:24 Feudal Age
14:40 Wheelbarrow
21:35 Castle Age
19:47 Arson
20:05 Double-Bit Axe
22:01 Fletching
22:12 Padded Archer Armor
29:36 Horse Collar
32:09 Bodkin Arrow
32:18 Heavy Plow
32:07 Town Watch
32:38 Hand Cart
36:07 Pikeman
37:24 Murder Holes
37:51 Ballistics
38:26 Masonry
37:42 Crossbowman
38:38 Gambesons
38:54 Squires
45:08 Imperial Age
43:36 Leather Archer Armor
43:22 Scale Mail Armor
43:33 Forging
45:14 Arbalester
46:52 Hoardings
47:33 Chemistry
51:16 Conscription
50:20 Elite Serjeant
51:31 Elite Skirmisher
53:11 Crop Rotation
52:59 Bow Saw
58:05 Onager
59:00 Halberdier
HF Cecko
0:41 Loom
14:18 Feudal Age
14:50 Horse Collar
20:52 Scale Mail Armor
21:10 Forging
36:23 Castle Age
37:03 Pikeman
39:50 Scale Barding Armor
40:05 Chain Mail Armor
40:26 Iron Casting
42:38 Husbandry
47:44 Heavy Plow
47:33 Double-Bit Axe
47:42 Stone Mining
51:59 Bloodlines
52:00 Scale Barding Armor
58:03 Imperial Age
59:30 Elite Skirmisher
59:50 Cavalier
daedra09220
12:21 Feudal Age
12:50 Double-Bit Axe
15:50 Horse Collar
16:04 Gold Mining
19:55 Bloodlines
21:54 Castle Age
20:56 Fletching
21:08 Padded Archer Armor
21:37 Bloodlines
24:20 Bodkin Arrow
46:16 Heavy Plow
47:50 Bow Saw
48:00 Stone Mining
48:49 Elite Skirmisher
51:19 Wheelbarrow
57:18 Imperial Age
58:37 Conscription
59:02 Crop Rotation
59:20 Elite Obuch
PANXIDIESREY
6:36 Loom
13:01 Feudal Age
17:58 Castle Age
16:24 Stone Mining
16:20 Horse Collar
16:51 Double-Bit Axe
18:22 Gold Mining
18:57 Fletching
19:34 Bodkin Arrow
20:19 Heavy Plow
20:52 Scale Barding Armor
24:04 Wheelbarrow
28:36 Forging
29:10 Chain Barding Armor
30:12 Hand Cart
36:58 Iron Casting
41:20 Imperial Age
40:37 Bow Saw
40:37 Padded Archer Armor
41:04 Squires
40:50 Arson
41:50 Leather Archer Armor
42:05 Bracer
43:12 Blast Furnace
42:48 Plate Barding Armor
42:15 Scale Mail Armor
42:55 Caravan
43:48 Gold Shaft Mining
43:55 Crop Rotation
45:48 Ring Archer Armor
44:56 Heavy Cavalry Archer
46:11 Silk Armor
46:33 Conscription
46:28 Elite Keshik
48:29 Town Watch
51:12 Town Patrol
51:35 Timurid Siegecraft
51:17 Sappers
53:30 Chemistry
52:51 Ballistics
53:57 Siege Engineers
62:11 Coinage
61:52 Guilds
64:30 Husbandry
64:42 Bloodlines
GordonFriman681
3:38 Loom
8:54 Loom
12:27 Feudal Age
14:08 Bloodlines
27:13 Castle Age
38:25 Wheelbarrow
40:18 Fletching
40:41 Forging
45:54 Bodkin Arrow
47:18 Double-Bit Axe
47:35 Gold Mining
51:43 Elite Skirmisher
58:36 Imperial Age
60:18 Onager
61:31 Bow Saw
63:58 Conscription
63:10 Crossbowman
64:49 Iron Casting
64:17 Padded Archer Armor
64:41 Bracer
Connection lost

Rejoining the realm…

Still unreachable

The connection could not be restored.

Session expired

The server has moved on; the page needs a fresh start.